cohdb
Replays
Latest Replays
All Replays
Popular Replays
Top Player Replays
Match Explorer
How It Works
Community
CoH3 Stats
Reddit
Sign in to upload your games and track your stats! →
Sign in with Steam
Match 40563197
Unlisted
Match 40563197
Overview
Messages
Build Orders
End
Construct Infanterie Kompanie
Grenadier Squad
Grenadier Squad
Selects Breakthrough Battlegroup
Selects Assault Grenadiers
Grenadier Squad
Grenadier Squad
Infanterie Officer Quarters
Construct Luftwaffe Kompanie
Selects Rapid Production
Jäger Squad
221 Scout Car
Support Elements
Jäger Squad
Wirbelwind Flakpanzer
Construct Panzer Kompanie
Shade
DrinkIIScotch
HulkSMASH
[82AD] Janko
Manupktd
Generick
Hevsik
Rodey
0
0
Comments
sign in to comment!
No comments posted yet!